 Dungeon Crawl Stone Soup version 0.13-a0-2474-g552a472 (webtiles) character file.

4560 Rycklaryybbe the Slicer (level 10, -1/74 HPs)
             Began as a Demonspawn Assassin on July 18, 2013.
             Was a Follower of Kikubaaqudgha.
             Slain by an orc warrior
             ... wielding a +0,+1 orcish glaive
              (19 damage)
             ... on Level 8 of the Dungeon.
             The game lasted 00:41:29 (10493 turns).

Rycklaryybbe the Slicer (Demonspawn Assassin)      Turns: 10493, Time: 00:41:34

HP  -1/74        AC  7     Str 12      XL: 10   Next:  6%
MP   9/9         EV  9     Int 15      God: Kikubaaqudgha [*.....]
Gold 438         SH  0     Dex 15      Spells:  1 memorised,  8 levels left

Res.Fire  : . . .   See Invis. : .   t - +3,+0 dagger (elec)
Res.Cold  : . . .   Warding    : .   O - -1 ring mail
Life Prot.: . . .   Conserve   : .   (no shield)
Res.Poison: .       Res.Corr.  : .   (no helmet)
Res.Elec. : .       Clarity    : .   P - +0 cloak (curse)
Sust.Abil.: + .     Spirit.Shd : .   (no gloves)
Res.Mut.  : .       Stasis     : .   (no boots)
Res.Rott. : +       Flight     : .   (no amulet)
Saprovore : + . .                    w - ring of sustain abilities
                                     H - ring of sustenance

@: somewhat resistant to hostile enchantments, fairly stealthy
A: demonic guardian 1, foul stench 2, saprovore 1, AC +2
a: Receive Corpses, Renounce Religion


You were on level 8 of the Dungeon.
You worshipped Kikubaaqudgha.
Kikubaaqudgha was most pleased with you.
You were near starving.

You visited 2 branches of the dungeon, and saw 9 of its levels.

You collected 388 gold pieces.

Inventory:

Hand weapons
 a - a +2,+2 dagger {=f}
 b - a +0 blowgun
 t - a +3,+0 dagger of electrocution (weapon)
 U - a +5,+4 sling of frost
Missiles
 e - 50 poisoned needles
 f - 2 curare-tipped needles
 o - 2 needles of confusion
 E - a throwing net (quivered)
 L - 3 steel darts
 Q - a throwing net [torn]
 W - 36 sling bullets
 Y - 3 needles of slowing
Armour
 c - a +0 robe
 d - a +0 cloak
 i - a +0 ring mail
 p - a +0 robe
 q - a +0 robe
 D - a +0 robe
 O - a -1 ring mail (worn)
 P - a cursed +0 cloak (worn)
 X - a +0 ring mail
Magical devices
 h - a wand of digging (15)
 y - a wand of confusion (5)
 N - a wand of polymorph (0) {unknown}
 S - a wand of fire (0)
Comestibles
 g - 8 bread rations
 l - 2 pears
 u - a banana
 A - a choko
 B - an orange
 G - 5 meat rations
 I - an apple
Scrolls
 j - 7 scrolls of identify
 k - 2 scrolls of magic mapping
 n - a scroll of teleportation
 r - 9 scrolls of remove curse
 F - a scroll of immolation
 J - 2 scrolls of amnesia
Jewellery
 m - an uncursed ring of magical power
 w - a ring of sustain abilities (right hand)
 C - an uncursed amulet of inaccuracy
 H - a ring of sustenance (left hand)
Potions
 s - 3 potions of magic
 v - 2 potions of agility
 x - 2 potions of brilliance
 K - a potion of heal wounds
Books
 R - a book of Dreams

   Spells                             Type                      Level
   Ensorcelled Hibernation            Hexes/Ice                    2
   Flight                             Charms/Air                   3
   Phase Shift                        Translocation                5
   Shadow Creatures                   Summoning                    5
   Mass Confusion                     Hexes                        6
   Darkness                           Hexes                        7
 T - a book of Battle

   Spells                             Type                      Level
   Infusion                           Charms                       1
   Shroud of Golubria                 Charms/Translocation         2
   Song of Slaying                    Charms                       2
   Spectral Weapon                    Hexes/Charms                 3
   Regeneration                       Charms/Necromancy            3
   Song of Shielding                  Charms                       4
 V - Kikubaaqudgha's Compendium of Dark Rituals
   (Kikubaaqudgha gifted it to you on level 7 of the Dungeon)

   Spells                             Type                      Level
   *Pain                              Necromancy                   1
   Lethal Infusion                    Charms/Necromancy            2
   Corpse Rot                         Necromancy                   2
   Regeneration                       Charms/Necromancy            3
   Control Undead                     Necromancy                   4


   Skills:
 + Level 7.5 Fighting
 - Level 10.3 Short Blades
 - Level 1.7 Throwing
 - Level 0.8 Dodging
 + Level 4.9 Stealth
 - Level 5.4 Necromancy


You had 8 spell levels left.
You knew the following spells:

 Your Spells              Type           Power        Failure   Level  Hunger
a - Pain                  Necr           ###.         6%          1    ##.....


Dungeon Overview and Level Annotations

Branches:
Dungeon (8/27)             Temple (1/1) D:6             Orc (0/4) D:8
   Lair: D:8-13

Altars:
Ashenzari
Cheibriados
Elyvilon
Fedhas
Kikubaaqudgha
Makhleb
Nemelex Xobeh
Okawaru
Sif Muna
Trog
Vehumet
Xom
Yredelemnul
Zin
the Shining One
Beogh

Shops:
D:5: [


Innate Abilities, Weirdness & Mutations

You are partially covered in yellow scales (AC +2).
A weak demonic guardian rushes to your aid.
You radiate miasma, and are resistant to rotting and decay.
You can tolerate rotten meat.


Message History

Okay, then.
There are monsters nearby!
Evoke which item? (* to show all) (? for menu, Esc to quit)
Zapping:
y - a wand of confusion {zapped: 10}
Press: ? - help, Shift-Dir - straight line, f/p - orc warrior
Aim: an orc warrior, wielding an orcish glaive and wearing an orcish chain mail (almost dead)
The orc warrior easily resists.
The orc warrior hits you from afar with an orcish glaive!
* * * LOW HITPOINT WARNING * * *
Throwing (i - inventory. (,) - cycle):
M - a throwing net [falling apart] (quivered)
Press: ? - help, Shift-Dir - straight line, f/p - orc warrior
Aim: an orc warrior, wielding an orcish glaive and wearing an orcish chain mail (almost dead)
You throw a throwing net [falling apart].
The throwing net [falling apart] hits the orc warrior.
The orc warrior is caught in the net!
The orc warrior is almost dead.
The orc warrior struggles to escape the net.
The orc warrior hits you from afar with an orcish glaive!
You die...
Kikubaaqudgha rasps: "You have failed me!
Welcome... death!"

#...)...<..# #.....#
#.....(....#####.....#
#.......(..#.........#
#........(.'.###.....####
#..........### #.........
#..........# #.....###.
#......<...# #.....# ##
#..........# #.....# #
#.......@..# #.....#
#..........# #######
#.......o..# ########o###
#o######## #.##.....#
#.##.....# #.##.._..#
#.##.....#


You could see an orc warrior (caught) and 2 orcs.

Vanquished Creatures
  The ghost of smajdalf the Markself, an experienced HEHu (D:7)
  Joseph (D:8)
  Grinder (D:3)
  A hungry ghost (D:8)
  Edmund (D:4)
  4 sky beasts
  An ogre (D:6)
  Sigmund (D:6)
  A centaur (D:8)
  Blork the orc (D:4)
  A wyvern zombie (D:8)
  A big kobold (D:6)
  A giant frog (D:7)
  An eye of draining (D:8)
  3 wights (D:6)
  5 crimson imps
  4 hounds
  3 goliath beetles
  Crazy Yiuf (D:4)
  8 orc priests
  A centaur skeleton (D:5)
  3 iguanas
  3 scorpions
  4 worker ants
  8 orc wizards
  3 halflings (D:6)
  Ijyb (D:2)
  3 jellies
  Terence (D:2)
  7 gnolls
  14 adders
  An inept item mimic (D:2)
  6 worms
  An adder skeleton (D:4)
  2 oozes
  2 giant eyeballs (D:7)
  6 giant geckos
  35 orcs
  A bat zombie (D:5)
  15 goblins
  10 hobgoblins
  10 jackals
  5 quokkas
  3 ball pythons
  14 bats
  8 giant cockroaches
  12 giant newts
  A hobgoblin skeleton (D:5)
  A jackal skeleton (D:4)
  21 kobolds
  A kobold skeleton (D:5)
  A kobold zombie (D:5)
  An orc skeleton (D:3)
  An orc zombie (D:8)
  15 rats
  A rat skeleton (D:7)
  A plant (D:6)
264 creatures vanquished.

Vanquished Creatures (collateral kills)
  2 orcs (D:8)
2 creatures vanquished.

Vanquished Creatures (others)
  An iron imp (D:8)
  A white imp (D:8)
2 creatures vanquished.

Grand Total: 268 creatures vanquished

Notes
Turn   | Place    | Note
--------------------------------------------------------------
     0 | D:1      | Rycklaryybbe, the Demonspawn Assassin, began the quest for the Orb.
     0 | D:1      | Reached XP level 1. HP: 15/15 MP: 0/0
   390 | D:1      | Gained mutation: You can tolerate rotten meat. [demonic ancestry]
   390 | D:1      | Reached XP level 2. HP: 21/21 MP: 1/1
  1073 | D:2      | Noticed Ijyb
  1110 | D:2      | Killed Ijyb
  1110 | D:2      | Gained mutation: You are partially covered in yellow scales (AC +2). [demonic ancestry]
  1110 | D:2      | Reached XP level 3. HP: 7/26 MP: 2/2
  1307 | D:1      | Yermak: Ds?
  1310 | D:1      | Rycklaryybbe: yes.. i like ds, but they always die very soon
  1310 | D:1      | Rycklaryybbe: ds with kiku.. it's a cool
  1310 | D:1      | Rycklaryybbe: i mean. for role-play
  1523 | D:2      | Yermak: it sucks having 0 speed
  1557 | D:2      | Yermak: 10*
  1557 | D:2      | Rycklaryybbe: =))
  1557 | D:2      | Rycklaryybbe: yes, Sp best
  1603 | D:2      | Rycklaryybbe: but i like their mutations
  1607 | D:2      | Rycklaryybbe: it's exciting
  1631 | D:2      | Rycklaryybbe: http://www.amazon.com/s/?ie=UTF8&keywords=geedorah&tag=mh0b-20&index=aps&hvadid=1463418705&ref=pd_sl_2p8jol7kv5_esweetelec!
  1631 | D:2      | Rycklaryybbe: oops. sry
  1753 | D:2      | Reached XP level 4. HP: 25/33 MP: 3/3
  1823 | D:2      | Reached skill level 4 in Short Blades
  2102 | D:2      | Noticed Terence
  2111 | D:2      | Yermak: All I know about demonspawns - it's cool to have nightstalker mutation, to have Darkness casted and lantern of shadows wielded
  2118 | D:2      | Killed Terence
  2127 | D:2      | Yermak: I guess you can also wear robe of Night
  2568 | D:2      | Paralysed by a potion of paralysis for 6 turns
  2575 | D:2      | Gained mutation: You have a pair of small horns on your head. [potion of beneficial mutation]
  2693 | D:3      | Reached XP level 5. HP: 33/38 MP: 4/4
  2747 | D:3      | Reached skill level 5 in Short Blades
  2860 | D:3      | Noticed Grinder
  2883 | D:3      | Killed Grinder
  2883 | D:3      | Reached skill level 6 in Short Blades
  2883 | D:3      | Gained mutation: You emit a foul stench, and are resistant to rotting and decay. [demonic ancestry]
  2883 | D:3      | Reached XP level 6. HP: 34/44 MP: 5/5
  2884 | D:3      | Rycklaryybbe: shitty mutations
  3200 | D:3      | Lost mutation: You have a pair of small horns on your head. [potion of cure mutation]
  3276 | D:3      | Yermak: holy shit
  3360 | D:3      | Yermak: just tested
  3366 | D:4      | Rycklaryybbe: what?
  3516 | D:4      | Yermak: nightstalker mutation, lanteran of shadows, darkness spell and robe of Night give you LoS of radius 2!
  3516 | D:4      | Rycklaryybbe: it's not good, right?
  3521 | D:4      | Yermak: Why not good?
  3521 | D:4      | Rycklaryybbe: you can see only a 2 steps?
  3521 | D:4      | Yermak: and you can be seen only in 2 steps, too!
  3521 | D:4      | Rycklaryybbe: you don't know whats going on
  3521 | D:4      | Yermak: that's rune ninjaing
  3521 | D:4      | Rycklaryybbe: wow!
  3521 | D:4      | Rycklaryybbe: thats nice
  3521 | D:4      | Rycklaryybbe: my rings suks?
  3521 | D:4      | Yermak: What's bad - lantern of shadows sets your stealth to 0
  3521 | D:4      | Yermak: you could have none of them
  3521 | D:4      | Yermak: so it's better than nothing
  3526 | D:4      | Rycklaryybbe: right
  3555 | D:4      | Yermak: Still, radius 3 without a lantern
  3580 | D:4      | Yermak: it's a ninja dream
  3613 | D:4      | Noticed Edmund
  3615 | D:4      | Reached skill level 7 in Short Blades
  3615 | D:4      | Gained mutation: You radiate miasma, and are resistant to rotting and decay. [demonic ancestry]
  3615 | D:4      | Reached XP level 7. HP: 49/49 MP: 6/6
  3639 | D:4      | Killed Edmund
  3741 | D:4      | Noticed Blork the orc
  3751 | D:4      | Killed Blork the orc
  3796 | D:4      | Reached skill level 8 in Short Blades
  4418 | D:4      | Noticed Crazy Yiuf
  4472 | D:4      | Killed Crazy Yiuf
  4541 | D:5      | Entered Level 5 of the Dungeon
  4625 | D:5      | Identified Sif Muna's Guide on Conjuration and Moulding
  4671 | D:5      | Found a white marble altar of Elyvilon.
  4676 | D:5      | Found a bloodstained altar of Trog.
  5009 | D:5      | Found a basalt altar of Yredelemnul.
  5173 | D:5      | Found Theitt's Antique Armour Shop.
  5227 | D:5      | Found a glowing golden altar of the Shining One.
  5249 | D:5      | Reached XP level 8. HP: 56/56 MP: 7/7
  5606 | D:6      | Found a staircase to the Ecumenical Temple.
  5616 | D:6      | Noticed Sigmund
  5625 | D:6      | Killed Sigmund
  5625 | D:6      | Reached skill level 9 in Short Blades
  5671 | Temple   | Entered the Ecumenical Temple
  5757 | Temple   | Became a worshipper of Kikubaaqudgha
  6348 | D:6      | Reached skill level 10 in Short Blades
  7179 | D:7      | Paralysed by a giant eyeball for 2 turns
  7314 | D:7      | Noticed smajdalf's ghost (experienced HEHu)
  7324 | D:7      | Killed smajdalf's ghost
  7324 | D:7      | Reached skill level 5 in Fighting
  7324 | D:7      | Reached XP level 9. HP: 59/65 MP: 8/8
  7917 | D:7      | Acquired Kikubaaqudgha's first power
  7917 | D:7      | Received a gift from Kikubaaqudgha
  7918 | D:7      | Identified Kikubaaqudgha's Compendium of Dark Rituals (Kikubaaqudgha gifted it to you on level 7 of the Dungeon)
  7921 | D:7      | Learned a level 1 spell: Pain
  8168 | D:7      | Reached skill level 1 in Necromancy
  8709 | D:8      | Reached skill level 5 in Necromancy
  9309 | D:8      | Noticed Joseph
  9331 | D:8      | Killed Joseph
  9473 | D:8      | Gained mutation: A weak demonic guardian rushes to your aid. [demonic ancestry]
  9473 | D:8      | Reached XP level 10. HP: 25/74 MP: 9/9
 10428 | D:8      | Found a staircase to the Orcish Mines.
 10441 | D:8      | Found a roughly hewn altar of Beogh.
 10493 | D:8      | Slain by an orc warrior

Action                   |  1- 3 |  4- 6 |  7- 9 | 10-12 || total
-------------------------+-------+-------+-------+-------++-------
Melee: Dagger            |   171 |   190 |   581 |    58 ||  1000
 Fire: Blowgun           |       |       |     4 |       ||     4
Throw: Club              |     1 |     1 |       |       ||     2
       Throwing net      |       |       |     1 |     1 ||     2
       Dart              |       |       |       |     1 ||     1
Evoke: Wand              |     1 |       |    14 |     2 ||    17
  Use: Scroll            |       |     9 |     7 |     3 ||    19
       Potion            |       |     9 |     7 |     1 ||    17
 Stab: Sleeping          |     3 |     7 |     7 |       ||    17
       Confused          |       |       |     3 |     1 ||     4
       Distracted        |       |       |     3 |       ||     3
       Held in net/web   |       |       |     1 |       ||     1
